Workbook

Sheet Centralizacion primera etapa
A15: EX-2018-40767504- -APN-GCYL#SOFSE
A17: PLANILLA DE COTIZACION
A18: RAZON SOCIAL: | E18: FORMA DE PAGO: | F18: 60 Dias | G18: FECHA | J18: LOGO
A19: CUIT: | E19: MANTENIMIENTO DE OFERTA: | F19: 30 Dias | G19: MONEDA
A20: Requerimiento | B20: Ítem | C20: Código | D20: Descripción | E20: Especificaciones | F20: U. Mda. | G20: Cantidad | H20: Precio Unitario | I20: Precio Total por Item | J20: Alicuota de IVA | K20: Lugar de Entrega | L20: Observaciones por parte del Proveedor Marca/Modelo
A21: 30089 | B21: 1 | C21: NUM88974010100N | D21: TARJETAS PERSONALES 90 X 54 MM (x 100 unidades) | E21: 500 cajas de tarjetas personales (100 unidades por caja) Características Tarjetas _ Papel 350 gr _ Medida 9x5 cm _ Doble Faz _ Cortes rectos _ Terminación: Laminado (mate, brilloso o barnizado). El diseño será enviado por SOFSE. (se adjunta modelo) Aclaraciones: La compra deberá ser "abierta". Los pedidos se irían haciendo en tandas y el proveedor deberá entregar los mismos hasta agotar stock o hasta el vencimiento del plazo que se acuerde (3 meses), pudiendo la empresa consumir el 100 % de lo contratado o menos, facturando el Proveedor solo lo efectivamente consumido. | F21: C/U | G21: 500 | I21: =G21*H21 -> 0 | K21: Leandro N. Alem 1110, piso 9 – Retiro
B22: 2 | F22: C/U | I22: =G22*H22 -> 0
B23: 3 | F23: C/U | I23: =G23*H23 -> 0
B24: 4 | F24: C/U | I24: =G24*H24 -> 0
B25: 5 | F25: C/U | I25: =G25*H25 -> 0
B26: 1 | F26: C/U | I26: =G26*H26 -> 0
B27: 2 | F27: C/U | I27: =G27*H27 -> 0
B28: 3 | F28: C/U | I28: =G28*H28 -> 0
B29: 4 | F29: C/U | I29: =G29*H29 -> 0
B30: 5 | F30: C/U | I30: =G30*H30 -> 0
B31: 6 | F31: C/U | I31: =G31*H31 -> 0
B32: 7 | F32: C/U | I32: =G32*H32 -> 0
B33: 8 | F33: C/U | I33: =G33*H33 -> 0
... B74: 16 | F74: C/U | I74: =G74*H74 -> 0
A75: Consignar el precio unitario y el total, en letras y en números. | F75: TOTAL: | I75: =SUM(I21:I74) -> 0

Sheet Hoja2
M2: OPERADORA FERROVIARIA S.E.
M3: CUIT: 30-71068177-1
B6: SOLICITUD DE COTIZACIÓN DIRECTA POR COMPULSA ABREVIADA
B8: * Comprador: | E8: Carlina Pondepeyre | H8: EXPEDIENTE: EX-2019- 14268669--APN-GCYL#SOFSE - EMPALMES -RC 32846
B10: * Tel: | C10: 011-2150-9300 Interno 26379 | E10: 26281
B12: * E-mail para presentar la cotizacion: carlina.pondepeyre@trenesargentinos.gob.ar
B15: ESTIMADO PROVEEDOR, ANTES DE REALIZAR LA OFERTA TENGA A BIEN LEER EL ARCHIVO “CLAUSULAS DE COTIZACIÓN”, YA QUE EL MISMO LE PROVEERÁ LA INFORMACIÓN REQUERIDA PARA PRESENTAR LA COTIZACIÓN.
B18: PLANILLA DE COTIZACION
B19: RAZON SOCIAL: | F19: FORMA DE PAGO: | G19: 60 DFF unicamente | H19: FECHA | K19: LOGO
B20: CUIT: | F20: MANTENIMIENTO DE OFERTA: | G20: 30 Dias minimo | H20: MONEDA
B21: Requerimiento | C21: Ítem | D21: Código | E21: Descripción | F21: Especificaciones | G21: U. Mda. | H21: Cantidad | I21: Precio Unitario | J21: Precio Total por Item | K21: Alicuota de IVA | L21: Lugar de Entrega | M21: Observaciones por parte del Proveedor Marca/Modelo
B22: 32846 | C22: 1 | D22: NUM85299921410N | E22: KIT DE EMPALME RECTO DE RESINA POLIURETANICA - N° 1 | G22: C/U | H22: 100 | I22: 0 | J22: =H22*I22 -> 0 | L22: Av 29 de Septiembre 3501
B23: 32846 | C23: 2 | D23: NUM85299921430N | E23: KIT DE EMPALME RECTO DE RESINA POLIURETANICA - N° 3 | G23: C/U | H23: 80 | I23: 0 | J23: =H23*I23 -> 0 | L23: Av 29 de Septiembre 3501
B24: 32846 | C24: 3 | D24: NUM85299921440N | E24: KIT DE EMPALME RECTO DE RESINA POLIURETANICA - N° 4 | G24: C/U | H24: 80 | I24: 0 | J24: =H24*I24 -> 0 | L24: Av 29 de Septiembre 3501
E25: DE RESINA | G25: C/U | H25: 6 | I25: 0 | J25: =H25*I25 -> 0 | L25: Responsables: base de Once: Dario Feldheim 2 Unidades Base Haedo: Franco Bacchiddu 2 Unidades. Base Francisco Alvarez: Marcelo Diaz 2 Unidades.
B26: 32793 | C26: 1 | E26: POLIURETANICA - N° 4 | G26: C/U | I26: 0 | J26: =H26*I26 -> 0
B27: 32793 | C27: 2 | G27: C/U | I27: 0 | J27: =H27*I27 -> 0
B28: 32793 | C28: 3 | G28: C/U | I28: 0 | J28: =H30*I28 -> 0
B29: 32793 | C29: 4 | G29: C/U | I29: 0 | J29: =H29*I29 -> 0
B30: 32793 | C30: 9 | G30: C/U | H30: 8 | I30: 0 | J30: =#REF!*I30 -> #REF! | L30: Ramos Mejia 1400
B31: 32793 | C31: 10 | G31: C/U | H31: 8 | I31: 0 | J31: =H31*I31 -> 0 | L31: Ramos Mejia 1400
B32: 32793 | C32: 11 | D32: NUM83233210340N | G32: C/U | H32: 8 | I32: 0 | J32: =H32*I32 -> 0 | L32: Ramos Mejia 1400
B33: 32793 | F33: PLASTICO REFORZADO - 1° CALIDAD.- CAPACIDAD: 1 LITRO | G33: C/U | H33: 8 | I33: 0 | J33: =H33*I33 -> 0
B34: 32793 | G34: C/U | H34: 8 | I34: 0 | J34: =H34*I34 -> 0
B35: 32793 | G35: C/U | H35: 8 | I35: 0 | J35: =H35*I35 -> 0
B36: 32793 | G36: LTRS | H36: 8 | I36: 0 | J36: =H36*I36 -> 0
B37: 32793 | G37: C/U | H37: 8 | I37: 0 | J37: =H37*I37 -> 0
B38: 32793 | G38: C/U | H38: 8 | I38: 0 | J38: =H38*I38 -> 0
B39: 32793 | G39: C/U | H39: 8 | I39: 0 | J39: =H39*I39 -> 0
B40: 32793 | G40: C/U | H40: 8 | I40: 0 | J40: =H40*I40 -> 0
B41: 32793 | G41: LTRS | H41: 8 | I41: 0 | J41: =H41*I41 -> 0
B42: 32793 | G42: C/U | H42: 8 | I42: 0 | J42: =H42*I42 -> 0
B43: 32793 | G43: C/U | H43: 8 | I43: 0 | J43: =H43*I43 -> 0
B44: 32793 | G44: C/U | H44: 8 | I44: 0 | J44: =H44*I44 -> 0
B45: 32793 | G45: C/U | H45: 8 | I45: 0 | J45: =H45*I45 -> 0
B46: 32793 | G46: C/U | H46: 8 | I46: 0 | J46: =H46*I46 -> 0
B47: 32793 | H47: 8 | I47: 0 | J47: =H47*I47 -> 0
B48: 32793 | H48: 8 | I48: 0 | J48: =H48*I48 -> 0
B49: 32793 | H49: 8 | I49: 0 | J49: =H49*I49 -> 0
B50: 32793 | H50: 8 | I50: 0 | J50: =H50*I50 -> 0
B51: 32793 | H51: 8 | I51: 0 | J51: =H51*I51 -> 0
B52: 32793 | H52: 8 | I52: 0 | J52: =H52*I52 -> 0
B53: 32793 | H53: 8 | I53: 0 | J53: =H53*I53 -> 0
B54: 32793 | H54: 8 | I54: 0 | J54: =H54*I54 -> 0
B55: 32793 | H55: 8 | I55: 0 | J55: =H55*I55 -> 0
B56: 32793 | H56: 8 | I56: 0 | J56: =H56*I56 -> 0
B57: 32793 | H57: 8 | I57: 0 | J57: =H57*I57 -> 0
B58: 32793 | H58: 8 | I58: 0 | J58: =H58*I58 -> 0
... B67: 32793 | H67: 8 | I67: 0 | J67: =H67*I67 -> 0
B68: 32793 | H68: 8
B69: 32793 | H69: 8
B70: 32793 | H70: 8
B71: 32793 | H71: 8
B72: 32793 | H72: 8
B73: 32793 | H73: 8
B74: 32793 | H74: 8
B75: 32793 | C75: 12 | G75: C/U | H75: 8 | I75: 0 | J75: 0 | L75: Ramos Mejia 1400
B76: 32793 | C76: 13 | G76: C/U | H76: 8 | I76: 0 | J76: 0 | L76: Ramos Mejia 1400
B77: 32793 | C77: 14 | G77: C/U | H77: 8 | I77: 0 | J77: =H77*I77 -> 0 | L77: Ramos Mejia 1400
B78: 32793 | C78: 15 | G78: C/U | H78: 8 | I78: 0 | J78: 0 | L78: Ramos Mejia 1400
B79: 32793 | C79: 16 | E79: TOALLA DE PAPEL PARA DISPENSER TIPO CREPE 25 X 27.5 CM - CAJA 2500 UNIDADES | F79: TOALLA DE PAPEL TIPO CREPE DE 250 X 275 MM.- PRESENTACION: EN ENVASE DE 2500 UNIDADES | G79: C/U | H79: 360 | I79: 0 | J79: 0 | L79: Av Libertador y Suipacha
B80: 32793 | C80: 17 | E80: TRAPO PISO ALGODON REFORZADO 55 X 60 | F80: TRAPO PISO ALGODON REFORZADO - 55 X 60 CM.- REFORZADO - 55 X 60 CM.- PESO MINIMO 450 GR POR METRO CUADRADO.- | G80: C/U | H80: 140 | I80: 0 | J80: 0 | L80: Av Libertador y Suipacha
B81: 32793 | C81: 18 | E81: BALDE PARA MOPA CON ESCURRIDOR | G81: C/U | H81: 45 | I81: 0 | J81: 0 | L81: Av Libertador y Suipacha
B82: 32793 | C82: 19 | G82: C/U | H82: 36 | I82: 0 | J82: 0 | L82: Av Libertador y Suipacha
B83: 32793 | C83: 20 | G83: C/U | H83: 20 | I83: 0 | J83: 0 | L83: Av Libertador y Suipacha
B84: 32793 | C84: 21 | G84: C/U | I84: 0 | J84: 0 | L84: Av Libertador y Suipacha
B85: 32793 | C85: 22 | G85: C/U | I85: 0 | J85: 0 | L85: Av Libertador y Suipacha
B86: 32793 | C86: 23 | G86: C/U | I86: 0 | J86: 0 | L86: Av Libertador y Suipacha
B87: 32793 | C87: 24 | G87: C/U | I87: 0 | J87: 0 | L87: Av Libertador y Suipacha
B88: 32793 | C88: 25 | G88: C/U | I88: 0 | J88: 0 | L88: Av Libertador y Suipacha
B89: 32793 | C89: 26 | G89: C/U | I89: 0 | J89: 0 | L89: Av Libertador y Suipacha
B90: 32793 | C90: 27 | G90: C/U | I90: 0 | J90: 0 | L90: Av Libertador y Suipacha
B91: 32793 | C91: 28 | G91: C/U | I91: 0 | J91: 0 | L91: Av Libertador y Suipacha
B92: 32793 | C92: 29 | G92: C/U | I92: 0 | J92: 0 | L92: Av Libertador y Suipacha
B93: 32793 | C93: 30 | F93: SECADOR DE VIDRIO PROFESIONAL.- METALICO DE 350 MM CON GOMA INTERCAMBIABLE Y MANGO METALICO | G93: C/U | I93: 0 | J93: 0 | L93: Av Libertador y Suipacha
B94: 32793 | C94: 31 | G94: C/U | I94: 0 | J94: 0 | L94: Av Libertador y Suipacha
B95: 32793 | C95: 32 | G95: C/U | I95: 0 | J95: 0 | L95: Av Libertador y Suipacha
B96: 32793 | E96: SCRUBBER S32B - CEPILLO DE
B97: 32793 | E97: LAVADO DE NYLON
B98: 32793 | E98: 16"""""""""""""
B99: 32793
B100: 32793
G101: C/U | I101: 0 | J101: 0
D102: =F101 -> 0 | G102: C/U | I102: 0 | J102: 0
G103: C/U | I103: 0 | J103: 0
G104: C/U | I104: 0 | J104: =H104*I104 -> 0
G105: TOTAL: | J105: =SUM(J22:J104) -> #REF!

Sheet Hoja3
B2: ESCALERA TIJERA DE 6 PELDAÑOS.
B4: Perfilera robusta.
B5: Zapatas fijas con tacos de goma antideslizantes
B6: Peldaños planos antideslizantes - sección de apoyo 75 mm Escuadras de refuerzo antitorsión
B7: Tapa superior de aluminio
B8: Brazos laterales articulables - (anti - cierre) Bisagra superior de acero estampado
B9: Etiquetas con instrucciones de seguridad, uso de escaleras y capacidad de carga

Sheet Base de NUMS 
A1: Código | B1: Descripción | C1: Total | D1: EN ULTIMO CENTRAL
A2: ACT824-000038N | B2: MAQUINA DESTRUCTORA DE PAPEL | C2: 1 | E2: COMPRAR
A3: NUM83221311000N | B3: BROCHE PARA ABROCHADORA Nº 50 X 1000 UNIDADES | C3: 239 | D3: NUM83221311000N | E3: COMPRAR
A4: NUM83221350010N | B4: BROCHE PARA ABROCHADORA Nº 23/13 X 1000 UNIDADES | C4: 10 | D4: NUM83221350010N | E4: COMPRAR
A5: NUM83221350020N | B5: BROCHE PARA ABROCHADORA Nº 23/8 X 1000 UNIDADES | C5: 5 | D5: NUM83221350020N | E5: COMPRAR
A6: NUM83221350080N | B6: BROCHE PARA ABROCHADORA Nº 21/6 X 1000 UNIDADES | C6: 22 | D6: NUM83221350080N | E6: COMPRAR
A7: NUM83221350200N | B7: BROCHE PARA ABROCHADORA Nº 23/15 X 1000 UNIDADES | C7: 10 | D7: NUM83221350200N | E7: COMPRAR
A8: NUM83221370250N | B8: BROCHE APRIETA PAPELES 25 MM | C8: 32 | D8: NUM83221370250N | E8: COMPRAR
A9: NUM83221370260N | B9: BROCHE APRIETA PAPELES 19 MM | C9: 32 | D9: NUM83221370260N | E9: COMPRAR
A10: NUM83221370400N | B10: BROCHE APRIETA PAPELES 40 MM | C10: 32 | D10: NUM83221370400N | E10: COMPRAR
A11: NUM83221390000N | B11: BROCHES NEPACO PLASTICOS X 50 UNIDADES | C11: 1 | D11: NUM83221390000N | E11: COMPRAR
A12: NUM83221910350N | B12: CINTA ADHESIVA TRANSPARENTE DE EMBALAR - ANCHO 48 MM | C12: 28 | D12: NUM83221910350N | E12: COMPRAR
A13: NUM83222820010N | B13: BORRADOR PARA PIZARRA BLANCA | C13: 4 | D13: NUM83222820010N | E13: COMPRAR
A14: NUM83223030050N | B14: PIZARRA DE MADERA BLANCA CON MARCO PARA PARED DE 120 X 80 CM | C14: 2 | D14: NUM83223030050N | E14: COMPRAR
... A34: NUM83226512200N | B34: TIJERA DE OFICINA 22 CM | C34: 16 | D34: NUM83226512200N | E34: COMPRAR
A35: NUM83226610320N | B35: GUILLOTINA DE PAPEL ROTATIVA DE MESA LONGITUD DE CORTE 320 MM | C35: 1 | E35: COMPRAR
A36: NUM83227010000N | B36: ABROCHADORA INDUSTRIAL DE ESCRITORIO | C36: 1 | D36: NUM83227010000N | E36: COMPRAR
A37: NUM83227510680N | B37: TACO POST IT 760 X 760 MM | C37: 6 | D37: NUM83227510680N | E37: COMPRAR
A38: NUM83227511110N | B38: ADHESIVO EN BARRA POR 21 GRS | C38: 5 | D38: NUM83227511110N | E38: COMPRAR
A39: NUM83227511260N | B39: SOBRE BLANCO A4 | C39: 1 | D39: NUM83227511260N | E39: COMPRAR
A40: NUM83227511270N | B40: SOBRE MANILA 25 X 35 CM | C40: 115 | D40: NUM83227511270N | E40: COMPRAR
A41: NUM83227511900N | B41: ARANDELA DE CARTON CAJA X 500 UNIDADES | C41: 10 | D41: NUM83227511900N | E41: COMPRAR
A42: NUM83227512020N | B42: SOBRE OFICIO INGLES BLANCO 12 X 23.5 - 100 UNIDADES | C42: 1 | D42: NUM83227512020N | E42: COMPRAR
A43: NUM83228510010N | B43: TABLA SUJETA PAPELES - A4 - ACRILICO | C43: 10 | D43: NUM83228510010N | E43: COMPRAR
A44: NUM88971033000N | B44: PAPEL CARBONICO NEGRO - 210 X 297 MM - A4.- | C44: 4 | D44: NUM88971033000N | E44: COMPRAR
A45: NUM88971070000N | B45: BIBLIORATO PALANCA TAPA DURA - OFICIO 2 ANILLOS.- | C45: 10 | D45: NUM88971070000N | E45: COMPRAR
A46: NUM88971072000N | B46: BIBLIORATO - PALANCA TAPA DURA - A4 2 ANILLOS.- | C46: 100 | D46: NUM88971072000N | E46: COMPRAR
A47: NUM88971072050N | B47: BIBLIORATO - TAPA DURA - A4 - CON PALANCA - COLOR ROJO.- | C47: 20 | D47: NUM88971072050N | E47: COMPRAR
... A111: NUM83223030100N | B111: PIZARRA DE MADERA BLANCA CON MARCO PARA PARED DE 120 X 180 CM | C111: 2 | D111: NUM83223030100N | E111: COMPRAR
A115: Código | B115: Descripción | C115: Total | D115: EN ULTIMO CENTRAL | E115: accion
A116: ACT824-000038N | B116: MAQUINA DESTRUCTORA DE PAPEL | C116: 1 | D116: 2175 | E116: =+VLOOKUP(A116,#REF!,6,0) -> #REF!
A117: NUM02390500530N | B117: BANDA ELASTICA | C117: 7 | D117: 94 | E117: =+VLOOKUP(A117,#REF!,6,0) -> #REF!
A118: NUM81983010100N | B118: COFRE PORTAVALORES N°1 MEDIDAS 200 X 160 X 90 MM | C118: 2 | D118: 256.85 | E118: =+VLOOKUP(A118,#REF!,6,0) -> #REF!
A119: NUM83220311100N | B119: SACAGANCHO METALICO | C119: 10 | D119: 44.347 | E119: =+VLOOKUP(A119,#REF!,6,0) -> #REF!
A120: NUM83220320000N | B120: SACAGANCHO PLASTICO TIPO LAPIZ | C120: 10 | D120: 48 | E120: =+VLOOKUP(A120,#REF!,6,0) -> #REF!
A121: NUM83221311000N | B121: BROCHE PARA ABROCHADORA Nº 50 X 1000 UNIDADES | C121: 239 | D121: 133.337 | E121: =+VLOOKUP(A121,#REF!,6,0) -> #REF!
A122: NUM83221350010N | B122: BROCHE PARA ABROCHADORA Nº 23/13 X 1000 UNIDADES | C122: 10 | D122: 98 | E122: =+VLOOKUP(A122,#REF!,6,0) -> #REF!
A123: NUM83221350020N | B123: BROCHE PARA ABROCHADORA Nº 23/8 X 1000 UNIDADES | C123: 5 | D123: 122.31 | E123: =+VLOOKUP(A123,#REF!,6,0) -> #REF!
A124: NUM83221350080N | B124: BROCHE PARA ABROCHADORA Nº 21/6 X 1000 UNIDADES | C124: 22 | D124: 24 | E124: =+VLOOKUP(A124,#REF!,6,0) -> #REF!
A125: NUM83221350200N | B125: BROCHE PARA ABROCHADORA Nº 23/15 X 1000 UNIDADES | C125: 10 | D125: 95.29 | E125: =+VLOOKUP(A125,#REF!,6,0) -> #REF!
A126: NUM83221370250N | B126: BROCHE APRIETA PAPELES 25 MM | C126: 32 | D126: 54 | E126: =+VLOOKUP(A126,#REF!,6,0) -> #REF!
A127: NUM83221370260N | B127: BROCHE APRIETA PAPELES 19 MM | C127: 32 | D127: 38 | E127: =+VLOOKUP(A127,#REF!,6,0) -> #REF!
... A272: NUM83223030110N | B272: PIZARRA DE MADERA BLANCA CON MARCO PARA PARED DE 80 X 120 CM - MAGNETICA | C272: 1 | D272: 857.81 | E272: =+VLOOKUP(A272,#REF!,6,0) -> #REF!

Sheet Hoja1
A1: CODIGO | B1: DESCRIPCION | C1: DESCRIPCION
A3: NUM83227010000N | B3: ABROCHADORA INDUSTRIAL DE ESCRITORIO | C3: ABROCHADORA INDUSTRIAL DE ESCRITORIO (ABROCHADORA TIPO INDUSTRIAL TIPO ETONA 260)
A4: NUM88973010000N | B4: ABROCHADORA PINZA TIPO MIT 50 PINTADA | C4: ABROCHADORA PINZA TIPO MIT 50 PINTADA (ABROCHADORA DE MANO Nº 10)
A6: NUM83226610010N | B6: GUILLOTINA DE PAPEL CON MESA LONGITUD DE CORTE 125 CM | C6: GUILLOTINA DE PAPEL CON MESA LONGITUD DE CORTE 300 MM
A7: NUM83226610300N | B7: GUILLOTINA DE PAPEL CON MESA LONGITUD DE CORTE 300 MM | C7: GUILLOTINA DE PAPEL CON MESA LONGITUD DE CORTE 125 CM
A8: NUM83226610100N | B8: GUILLOTINA DE PAPEL CON MESA LONGITUD DE CORTE 40 CM | C8: GUILLOTINA DE PAPEL CON MESA LONGITUD DE CORTE 40 CM
A10: NUM88973263100N | B10: PERFORADORA MANUAL - CON REGLA MULTIFORMATO - PARA 150 HOJAS.- | C10: PERFORADORA MANUAL - CON REGLA MULTIFORMATO - PARA 150 HOJAS.-
A11: NUM88973263000N | B11: PERFORADORA MANUAL - METALICA - CHICA.- | C11: PERFORADORA MANUAL - METALICA - CHICA.- (PERFORADORA DE PAPEL BASE MADERA REFORZADA - PARA 25/30 HOJAS)
A13: NUM88973070000N | B13: CESTO PAPELERO PLASTICO 28 X 22 CM | C13: CESTO PAPELERO PLASTICO 28 X 22 CM (NO USAR - NO HAY NUM SUSTITUTO - CESTO PAPELERO - TERMINACION PINTURA EPOXI)
A14: NUM88973163020N | B14: CINTA PORTA CREDENCIAL | C14: CINTA PORTA CREDENCIAL
A15: NUM88973111210N | B15: LLAVERO CON IDENTIFICADOR | C15: LLAVERO CON IDENTIFICADOR
A20: NUM88973027000N | B20: SACABROCHES.- | C20: SACABROCHES.- (SACAGANCHO METALICO)
... A507: NUM83226512200N | B507: TIJERA DE OFICINA 22 CM | C507: TIJERA DE OFICINA 22 CM (USAR NUM83226512200N - TIJERA GRANDE 9" (22 CM))

Sheet Hoja4
A1: Código | B1: Descripción | C1: Total | D1: EN ULTIMO CENTRAL
A2: ACT824-000038N | B2: MAQUINA DESTRUCTORA DE PAPEL | C2: 1
A3: NUM02390500530N | B3: BANDA ELASTICA | C3: 7 | D3: =+VLOOKUP(A3,Hoja1!$A$2:$C$509,1,0) -> #N/A | E3: NUM88973052500N | F3: BANDA ELASTICA
A4: NUM81983010100N | B4: COFRE PORTAVALORES N°1 MEDIDAS 200 X 160 X 90 MM | C4: 2 | D4: =+VLOOKUP(A4,Hoja1!$A$2:$C$509,1,0) -> #N/A
A5: NUM83220311100N | B5: SACAGANCHO METALICO | C5: 10 | D5: =+VLOOKUP(A5,Hoja1!$A$2:$C$509,1,0) -> #N/A | E5: NUM88973027000N | F5: SACABROCHES.-
A6: NUM83220320000N | B6: SACAGANCHO PLASTICO TIPO LAPIZ | C6: 10 | D6: =+VLOOKUP(A6,Hoja1!$A$2:$C$509,1,0) -> #N/A | E6: NUM88973027000N | F6: SACABROCHES.-
A7: NUM83221311000N | B7: BROCHE PARA ABROCHADORA Nº 50 X 1000 UNIDADES | C7: 239 | D7: =+VLOOKUP(A7,Hoja1!$A$2:$C$509,1,0) -> NUM83221311000N
A8: NUM83221350010N | B8: BROCHE PARA ABROCHADORA Nº 23/13 X 1000 UNIDADES | C8: 10 | D8: =+VLOOKUP(A8,Hoja1!$A$2:$C$509,1,0) -> NUM83221350010N
A9: NUM83221350020N | B9: BROCHE PARA ABROCHADORA Nº 23/8 X 1000 UNIDADES | C9: 5 | D9: =+VLOOKUP(A9,Hoja1!$A$2:$C$509,1,0) -> NUM83221350020N
A10: NUM83221350080N | B10: BROCHE PARA ABROCHADORA Nº 21/6 X 1000 UNIDADES | C10: 22 | D10: =+VLOOKUP(A10,Hoja1!$A$2:$C$509,1,0) -> NUM83221350080N
A11: NUM83221350200N | B11: BROCHE PARA ABROCHADORA Nº 23/15 X 1000 UNIDADES | C11: 10 | D11: =+VLOOKUP(A11,Hoja1!$A$2:$C$509,1,0) -> NUM83221350200N
A12: NUM83221370250N | B12: BROCHE APRIETA PAPELES 25 MM | C12: 32 | D12: =+VLOOKUP(A12,Hoja1!$A$2:$C$509,1,0) -> NUM83221370250N
A13: NUM83221370260N | B13: BROCHE APRIETA PAPELES 19 MM | C13: 32 | D13: =+VLOOKUP(A13,Hoja1!$A$2:$C$509,1,0) -> NUM83221370260N
A14: NUM83221370400N | B14: BROCHE APRIETA PAPELES 40 MM | C14: 32 | D14: =+VLOOKUP(A14,Hoja1!$A$2:$C$509,1,0) -> NUM83221370400N
A15: NUM83221390000N | B15: BROCHES NEPACO PLASTICOS X 50 UNIDADES | C15: 1 | D15: =+VLOOKUP(A15,Hoja1!$A$2:$C$509,1,0) -> NUM83221390000N
A16: NUM83221910250N | B16: CINTA ADHESIVA TRANSPARENTE 12 MM X 30 METROS | C16: 70 | D16: =+VLOOKUP(A16,Hoja1!$A$2:$C$509,1,0) -> #N/A | E16: NUM88973110000N | F16: CINTA ADHESIVA TRANSPARENTE 12 MM X 33 MTS.-
A17: NUM83221910350N | B17: CINTA ADHESIVA TRANSPARENTE DE EMBALAR - ANCHO 48 MM | C17: 28 | D17: =+VLOOKUP(A17,Hoja1!$A$2:$C$509,1,0) -> NUM83221910350N
A18: NUM83221920300N | B18: CINTA ADHESIVA BIFAZ ANCHO 5 CM X 10 METROS | C18: 8 | D18: =+VLOOKUP(A18,Hoja1!$A$2:$C$509,1,0) -> #N/A | E18: NUM83221920150N | F18: CINTA ADHESIVA BIFAZ ANCHO 1,5 CM X 10 METROS
A19: NUM83222820010N | B19: BORRADOR PARA PIZARRA BLANCA | C19: 4 | D19: =+VLOOKUP(A19,Hoja1!$A$2:$C$509,1,0) -> NUM83222820010N
A20: NUM83223030050N | B20: PIZARRA DE MADERA BLANCA CON MARCO PARA PARED DE 120 X 80 CM | C20: 2 | D20: =+VLOOKUP(A20,Hoja1!$A$2:$C$509,1,0) -> NUM83223030050N
A21: NUM83224110010N | B21: LAPIZ DE MADERA - NEGRO HB | C21: 152 | D21: =+VLOOKUP(A21,Hoja1!$A$2:$C$509,1,0) -> NUM83224110010N
A22: NUM83224110030N | B22: LAPIZ DE MADERA - NEGRO 2B | C22: 7 | D22: =+VLOOKUP(A22,Hoja1!$A$2:$C$509,1,0) -> NUM83224110030N
A23: NUM83224210000N | B23: TUBO DE MINAS 0,5 MM HB | C23: 10 | D23: =+VLOOKUP(A23,Hoja1!$A$2:$C$509,1,0) -> NUM83224210000N
A24: NUM83224310530N | B24: LAPICERA COMUN AZUL | C24: 105 | D24: =+VLOOKUP(A24,Hoja1!$A$2:$C$509,1,0) -> #N/A | E24: NUM83224320060N | F24: LAPICERA TIPO BOLIGRAFO 1 MM COLOR AZUL
A25: NUM83224310550N | B25: LAPICERA COMUN NEGRA | C25: 96 | D25: =+VLOOKUP(A25,Hoja1!$A$2:$C$509,1,0) -> #N/A | E25: NUM83224320010N | F25: LAPICERA TIPO BOLIGRAFO 1 MM COLOR NEGRO
A26: NUM83224310570N | B26: LAPICERA COMUN ROJA | C26: 18 | D26: =+VLOOKUP(A26,Hoja1!$A$2:$C$509,1,0) -> #N/A | E26: NUM83224320030N | F26: LAPICERA TIPO BOLIGRAFO 1 MM COLOR ROJO
A27: NUM83224310590N | B27: LAPICERA COMUN VERDE | C27: 15 | D27: =+VLOOKUP(A27,Hoja1!$A$2:$C$509,1,0) -> #N/A | E27: NUM83224320050N | F27: LAPICERA TIPO BOLIGRAFO 1 MM COLOR VERDE
A28: NUM83224320010N | B28: LAPICERA TIPO BOLIGRAFO 1 MM COLOR NEGRO | C28: 226 | D28: =+VLOOKUP(A28,Hoja1!$A$2:$C$509,1,0) -> NUM83224320010N
A29: NUM83224320030N | B29: LAPICERA TIPO BOLIGRAFO 1 MM COLOR ROJO | C29: 51 | D29: =+VLOOKUP(A29,Hoja1!$A$2:$C$509,1,0) -> NUM83224320030N
A30: NUM83224320050N | B30: LAPICERA TIPO BOLIGRAFO 1 MM COLOR VERDE | C30: 51 | D30: =+VLOOKUP(A30,Hoja1!$A$2:$C$509,1,0) -> NUM83224320050N
A31: NUM83224320060N | B31: LAPICERA TIPO BOLIGRAFO 1 MM COLOR AZUL | C31: 621 | D31: =+VLOOKUP(A31,Hoja1!$A$2:$C$509,1,0) -> NUM83224320060N
A32: NUM83224340000N | B32: LAPICERA ROLLER AZUL | C32: 7 | D32: =+VLOOKUP(A32,Hoja1!$A$2:$C$509,1,0) -> #N/A | E32: NUM83224320060N | F32: LAPICERA TIPO BOLIGRAFO 1 MM COLOR AZUL
A33: NUM83224340020N | B33: LAPICERA ROLLER NEGRO | C33: 5 | D33: =+VLOOKUP(A33,Hoja1!$A$2:$C$509,1,0) -> #N/A | E33: NUM83224320010N | F33: LAPICERA TIPO BOLIGRAFO 1 MM COLOR NEGRO
A34: NUM83224710100N | B34: MARCADOR DE PIZARRA NEGRO | C34: 9 | D34: =+VLOOKUP(A34,Hoja1!$A$2:$C$509,1,0) -> NUM83224710100N
A35: NUM83224710120N | B35: MARCADOR DE PIZARRA AZUL | C35: 10 | D35: =+VLOOKUP(A35,Hoja1!$A$2:$C$509,1,0) -> NUM83224710120N
A36: NUM83224710140N | B36: MARCADOR DE PIZARRA ROJO | C36: 8 | D36: =+VLOOKUP(A36,Hoja1!$A$2:$C$509,1,0) -> NUM83224710140N
A37: NUM83224710160N | B37: MARCADOR DE PIZARRA VERDE | C37: 13 | D37: =+VLOOKUP(A37,Hoja1!$A$2:$C$509,1,0) -> NUM83224710160N
A38: NUM83224730000N | B38: MARCADOR INDELEBLE - TRAZO GRUESO - PUNTA REDONDA - NEGRO | C38: 16 | D38: =+VLOOKUP(A38,Hoja1!$A$2:$C$509,1,0) -> NUM83224730000N
A39: NUM83224730120N | B39: MARCADOR INDELEBLE - TRAZO FINO - NEGRO | C39: 9 | D39: =+VLOOKUP(A39,Hoja1!$A$2:$C$509,1,0) -> NUM83224730120N
A40: NUM83224740100N | B40: MARCADOR DE PINTURA COLOR BLANCO | C40: 12 | D40: =+VLOOKUP(A40,Hoja1!$A$2:$C$509,1,0) -> NUM83224740100N
A41: NUM83224740120N | B41: MARCADOR DE PINTURA COLOR AMARILLO | C41: 12 | D41: =+VLOOKUP(A41,Hoja1!$A$2:$C$509,1,0) -> NUM83224740120N
A42: NUM83224740140N | B42: MARCADOR DE PINTURA COLOR ROJO | C42: 12 | D42: =+VLOOKUP(A42,Hoja1!$A$2:$C$509,1,0) -> NUM83224740140N
A43: NUM83225310100N | B43: PORTA LAPIZ PLASTICO | C43: 25 | D43: =+VLOOKUP(A43,Hoja1!$A$2:$C$509,1,0) -> NUM83225310100N
A44: NUM83225310140N | B44: PORTA LAPIZ METALICO | C44: 20 | D44: =+VLOOKUP(A44,Hoja1!$A$2:$C$509,1,0) -> #N/A | E44: NUM83225310100N | F44: PORTA LAPIZ PLASTICO
A45: NUM83226010100N | B45: TACO DE PAPEL 90 X 90 MM | C45: 288 | D45: =+VLOOKUP(A45,Hoja1!$A$2:$C$509,1,0) -> NUM83226010100N
A46: NUM83226110100N | B46: NOTAS ADHESIVAS TIPO STICK DE 38 X 50 MM COLOR. PACK 4 X 50 HOJAS | C46: 15 | D46: =+VLOOKUP(A46,Hoja1!$A$2:$C$509,1,0) -> #N/A | E46: NUM88971150100N | F46: TACO PARA NOTAS MEMO FIX CONSUL / U-O 38 X 50 AMARILLO
A47: NUM83226511600N | B47: TIJERA DE OFICINA 16 CM | C47: 41 | D47: =+VLOOKUP(A47,Hoja1!$A$2:$C$509,1,0) -> NUM83226511600N
A48: NUM83226512200N | B48: TIJERA DE OFICINA 22 CM | C48: 16 | D48: =+VLOOKUP(A48,Hoja1!$A$2:$C$509,1,0) -> NUM83226512200N
A49: NUM83226610320N | B49: GUILLOTINA DE PAPEL ROTATIVA DE MESA LONGITUD DE CORTE 320 MM | C49: 1
A50: NUM83227010000N | B50: ABROCHADORA INDUSTRIAL DE ESCRITORIO | C50: 1 | D50: =+VLOOKUP(A50,Hoja1!$A$2:$C$509,1,0) -> NUM83227010000N
A51: NUM83227510680N | B51: TACO POST IT 760 X 760 MM | C51: 6 | D51: =+VLOOKUP(A51,Hoja1!$A$2:$C$509,1,0) -> NUM83227510680N
A52: NUM83227510710N | B52: FOLIOS PLASTICOS A4 TRANSPARANTE X 50 UNIDADES | C52: 326 | D52: =+VLOOKUP(A52,Hoja1!$A$2:$C$509,1,0) -> #N/A | E52: NUM88973162000N | F52: FOLIO PLASTICO A4
A53: NUM83227510720N | B53: FOLIOS PLASTICOS OFICIO TRANSPARENTES X 50 UNIDADES | C53: 3 | D53: =+VLOOKUP(A53,Hoja1!$A$2:$C$509,1,0) -> #N/A | E53: NUM88973161000N | F53: FOLIO PLASTICO TRANSPARENTE OFICIO.-
A54: NUM83227511100N | B54: ADHESIVO EN BARRA POR 7 GRS. | C54: 30 | D54: =+VLOOKUP(A54,Hoja1!$A$2:$C$509,1,0) -> #N/A | E54: NUM83227511110N | F54: ADHESIVO EN BARRA POR 21 GRS
A55: NUM83227511110N | B55: ADHESIVO EN BARRA POR 21 GRS | C55: 5 | D55: =+VLOOKUP(A55,Hoja1!$A$2:$C$509,1,0) -> NUM83227511110N
A56: NUM83227511260N | B56: SOBRE BLANCO A4 | C56: 1 | D56: =+VLOOKUP(A56,Hoja1!$A$2:$C$509,1,0) -> NUM83227511260N
A57: NUM83227511270N | B57: SOBRE MANILA 25 X 35 CM | C57: 115 | D57: =+VLOOKUP(A57,Hoja1!$A$2:$C$509,1,0) -> NUM83227511270N
A58: NUM83227511900N | B58: ARANDELA DE CARTON CAJA X 500 UNIDADES | C58: 10 | D58: =+VLOOKUP(A58,Hoja1!$A$2:$C$509,1,0) -> NUM83227511900N
A59: NUM83227512020N | B59: SOBRE OFICIO INGLES BLANCO 12 X 23.5 - 100 UNIDADES | C59: 1 | D59: =+VLOOKUP(A59,Hoja1!$A$2:$C$509,1,0) -> NUM83227512020N
A60: NUM83227810000N | B60: CERA PARA CONTAR | C60: 5 | D60: =+VLOOKUP(A60,Hoja1!$A$2:$C$509,1,0) -> #N/A | E60: NUM88973250000N | F60: MOJADOR PLASTICO C/ ESPONJA DIAMETRO 80 MM.-
A61: NUM83228510010N | B61: TABLA SUJETA PAPELES - A4 - ACRILICO | C61: 10 | D61: =+VLOOKUP(A61,Hoja1!$A$2:$C$509,1,0) -> NUM83228510010N
A62: NUM83235050710N | B62: CD VIRGEN - CAPACIDAD 700 MB - VELOCIDAD 52 X.- | C62: 2 | D62: =+VLOOKUP(A62,Hoja1!$A$2:$C$509,1,0) -> #N/A | E62: NUM83227511500N | F62: CD VIRGEN REGRABABLE
A63: NUM84751211020N | B63: CINTA METRICA AGRIMENSOR DE FIBRA DE VIDRIO DE 10 MTS | C63: 5 | D63: FERRETERIA
A64: NUM85933520800N | B64: CINTA DE ENMASCARAR PAPEL ADHESIVA 24 MM X 50 MTS | C64: 2 | D64: FERRETERIA
A65: NUM88971033000N | B65: PAPEL CARBONICO NEGRO - 210 X 297 MM - A4.- | C65: 4 | D65: =+VLOOKUP(A65,Hoja1!$A$2:$C$509,1,0) -> NUM88971033000N
A66: NUM88971070000N | B66: BIBLIORATO PALANCA TAPA DURA - OFICIO 2 ANILLOS.- | C66: 10 | D66: =+VLOOKUP(A66,Hoja1!$A$2:$C$509,1,0) -> NUM88971070000N
A67: NUM88971072000N | B67: BIBLIORATO - PALANCA TAPA DURA - A4 2 ANILLOS.- | C67: 100 | D67: =+VLOOKUP(A67,Hoja1!$A$2:$C$509,1,0) -> NUM88971072000N
A68: NUM88971072050N | B68: BIBLIORATO - TAPA DURA - A4 - CON PALANCA - COLOR ROJO.- | C68: 20 | D68: =+VLOOKUP(A68,Hoja1!$A$2:$C$509,1,0) -> NUM88971072050N
A69: NUM88971072200N | B69: BIBLIORATO - TAPA DURA - A4 - CON PALANCA - COLOR AZUL.- | C69: 35 | D69: =+VLOOKUP(A69,Hoja1!$A$2:$C$509,1,0) -> NUM88971072200N
A70: NUM88971073000N | B70: BIBLIORATO TAMAÑO A5 LOMO 7 CM | C70: 50 | D70: =+VLOOKUP(A70,Hoja1!$A$2:$C$509,1,0) -> #N/A | E70: NUM88971072000N | F70: BIBLIORATO - PALANCA TAPA DURA - A4 2 ANILLOS.-
A71: NUM88971082000N | B71: CARPETA COLGANTE - FLEJE REFORZADO.- | C71: 8 | D71: =+VLOOKUP(A71,Hoja1!$A$2:$C$509,1,0) -> NUM88971082000N
A72: NUM88971094000N | B72: CARPETA TAPA PLASTICA TRANSPARENTE - OFICIO.- | C72: 30 | D72: =+VLOOKUP(A72,Hoja1!$A$2:$C$509,1,0) -> NUM88971094000N
A73: NUM88971094120N | B73: CARPETA DE PLASTICO FRENTE CRISTAL CONTRATAPA AZUL A4 | C73: 380 | D73: =+VLOOKUP(A73,Hoja1!$A$2:$C$509,1,0) -> NUM88971094120N
A74: NUM88971110000N | B74: CUADERNO TAPA OFICIO CON ESPIRAL 29.7 MM - RAYADO X 84 HOJAS.- | C74: 85 | D74: =+VLOOKUP(A74,Hoja1!$A$2:$C$509,1,0) -> NUM88971110000N
A75: NUM88971110030N | B75: CUADERNO CON ESPIRAL - 160 X 210 MM - 84 HOJAS - RAYADO.- | C75: 110 | D75: =+VLOOKUP(A75,Hoja1!$A$2:$C$509,1,0) -> NUM88971110030N
A76: NUM88971110400N | B76: CUADERNO CON ESPIRAL A4 CUADRICULADO DE 84 HOJAS | C76: 10 | D76: =+VLOOKUP(A76,Hoja1!$A$2:$C$509,1,0) -> NUM88971110400N
A77: NUM88971110450N | B77: CUADERNO CON ESPIRAL A4 RAYADO DE 84 HOJAS | C77: 47 | D77: =+VLOOKUP(A77,Hoja1!$A$2:$C$509,1,0) -> NUM88971110450N
A78: NUM88971111000N | B78: CUADERNO TAPA CON ESPIRAL 29.7 MM - CUADRICULADO X 80 HOJAS.- | C78: 45 | D78: =+VLOOKUP(A78,Hoja1!$A$2:$C$509,1,0) -> NUM88971111000N
A79: NUM88971130000N | B79: SEPARADORES - TAMAÑO CARTA.- | C79: 50 | D79: =+VLOOKUP(A79,Hoja1!$A$2:$C$509,1,0) -> #N/A | E79: NUM88971130010N | F79: SEPARADOR TAMAÑO A4
A80: NUM88971130010N | B80: SEPARADOR TAMAÑO A4 | C80: 34 | D80: =+VLOOKUP(A80,Hoja1!$A$2:$C$509,1,0) -> NUM88971130010N
A81: NUM88971141010N | B81: SOBRE MANILA 12,5 X 19 CM - 100 UNIDADES | C81: 6 | D81: =+VLOOKUP(A81,Hoja1!$A$2:$C$509,1,0) -> NUM88971141010N
A82: NUM88971141080N | B82: SOBRE MANILA 14 X 21 CM | C82: 100 | D82: =+VLOOKUP(A82,Hoja1!$A$2:$C$509,1,0) -> NUM88971141080N
A83: NUM88971146000N | B83: SOBRE MANILA CARTA BLANCO | C83: 4 | D83: =+VLOOKUP(A83,Hoja1!$A$2:$C$509,1,0) -> NUM88971146000N
A84: NUM88971147220N | B84: SOBRE MANILA A4 BLANCO | C84: 103 | D84: =+VLOOKUP(A84,Hoja1!$A$2:$C$509,1,0) -> #N/A | E84: NUM83227511260N | F84: SOBRE BLANCO A4
A85: NUM88971150010N | B85: TACO PAPEL AUTOADHESIVO 38X50 | C85: 20 | D85: =+VLOOKUP(A85,Hoja1!$A$2:$C$509,1,0) -> #N/A | E85: NUM88971150100N | F85: TACO PARA NOTAS MEMO FIX CONSUL / U-O 38 X 50 AMARILLO
A86: NUM88971150020N | B86: TACO PAPEL AUTOADHESIVO 76X101 | C86: 20 | D86: =+VLOOKUP(A86,Hoja1!$A$2:$C$509,1,0) -> #N/A | E86: NUM83227510680N | F86: TACO POST IT 760 X 760 MM
A87: NUM88971150030N | B87: TACO PAPEL AUTOADHESIVO 70X50 | C87: 50 | D87: =+VLOOKUP(A87,Hoja1!$A$2:$C$509,1,0) -> NUM88971150030N
A88: NUM88971150080N | B88: SEÑALADOR DE COLOR AUTOADHESIVO | C88: 40 | D88: =+VLOOKUP(A88,Hoja1!$A$2:$C$509,1,0) -> #N/A | E88: NUM88971150090N | F88: BANDERITAS SEÑALADORES DE COLOR
A89: NUM88971150090N | B89: BANDERITAS SEÑALADORES DE COLOR | C89: 55 | D89: =+VLOOKUP(A89,Hoja1!$A$2:$C$509,1,0) -> NUM88971150090N
A90: NUM88971150120N | B90: TACO PARA NOTAS MEMO FIX / CONSUL /U-O 76 X 101 AMARILLO | C90: 10 | D90: =+VLOOKUP(A90,Hoja1!$A$2:$C$509,1,0) -> #N/A | E90: NUM83227510680N | F90: TACO POST IT 760 X 760 MM
A91: NUM88971150160N | B91: TACO PARA NOTAS MEMO FIX / CONSUL /U-O 76 X 76 AMARILLO | C91: 22 | D91: =+VLOOKUP(A91,Hoja1!$A$2:$C$509,1,0) -> #N/A | E91: NUM83227510680N | F91: TACO POST IT 760 X 760 MM
A92: NUM88971186000N | B92: LIBRO ACTAS RAYADO X 200 HOJAS.- | C92: 25 | D92: =+VLOOKUP(A92,Hoja1!$A$2:$C$509,1,0) -> NUM88971186000N
A93: NUM88971193000N | B93: ESPIRALES PLASTICOS SIMPLE PVC DIAM.17 MM P/160H. PAQ. X 50 | C93: 1 | D93: =+VLOOKUP(A93,Hoja1!$A$2:$C$509,1,0) -> #N/A | E93: NUM88971810350N | F93: ESPIRALES PARA ANILLAR DE 17 MM
A94: NUM88971193020N | B94: ESPIRALES PLASTICOS SIMPLE PVC DIAM.25MM P/220H. PAQ. X 20 | C94: 1 | D94: =+VLOOKUP(A94,Hoja1!$A$2:$C$509,1,0) -> NUM88971193020N
A95: NUM88971193040N | B95: ESPIRALES PLASTICOS SIMPLE PVC DIAM.9MM P/75H. PAQ. X 50 | C95: 1 | D95: =+VLOOKUP(A95,Hoja1!$A$2:$C$509,1,0) -> #N/A | E95: NUM88971810300N | F95: ESPIRALES PARA ANILLAR DE 14 MM
A96: NUM88971310000N | B96: RESMA HOJA A4 LISA X 500 HOJAS | C96: 112 | D96: =+VLOOKUP(A96,Hoja1!$A$2:$C$509,1,0) -> NUM88971310000N
A97: NUM88971510020N | B97: BIBLIORATO HOJA A4 LOMO 8 CM | C97: 50 | D97: =+VLOOKUP(A97,Hoja1!$A$2:$C$509,1,0) -> #N/A | E97: NUM88971072000N | F97: BIBLIORATO - PALANCA TAPA DURA - A4 2 ANILLOS.-
A98: NUM88972120000N | B98: SEPARADOR DE CARTULINA - OFICIO - 5 POSICIONES.- | C98: 1 | D98: =+VLOOKUP(A98,Hoja1!$A$2:$C$509,1,0) -> NUM88972120000N
A99: NUM88972620100N | B99: SOBRE BOLSA 24.5 X 32 CM | C99: 300 | D99: =+VLOOKUP(A99,Hoja1!$A$2:$C$509,1,0) -> #N/A | E99: NUM83227511270N | F99: SOBRE MANILA 25 X 35 CM
A100: NUM88973001000N | B100: ALMOHADILLA P/ SELLO 110 X 65 MM | C100: 2 | D100: =+VLOOKUP(A100,Hoja1!$A$2:$C$509,1,0) -> NUM88973001000N
...
